 Dungeon Crawl Stone Soup version 0.29.1-2-gbd0b4ee654 (webtiles) character file.

Game seed: 7575104627114186347

216 Haldmier the Cudgeller (level 5, -1/39 HPs)
             Began as a Demigod Artificer on Nov 30, 2022.
             Killed from afar by an orc wizard (5 damage)
             ... with a magic dart
             ... on level 3 of the Dungeon.
             The game lasted 00:13:17 (4499 turns).

Haldmier the Cudgeller (Demigod Artificer)          Turns: 4499, Time: 00:13:18

Health: -1/39      AC:  9    Str: 17    XL:     5   Next: 34%
Magic:  7/7        EV:  7    Int: 13    God:
Gold:   135        SH:  0    Dex: 14    Spells: 4/4 levels left

rFire   . . .      SeeInvis .   y - +0 flail
rCold   . . .      Faith    .   (no shield)
rNeg    . . .      Spirit   .   p - +0 chain mail
rPois   .          Reflect  .   (no helmet)
rElec   .          Harm     .   (no cloak)
rCorr   .          Rampage  .   j - +0 pair of gloves
Will    .....                   (no boots)
Stlth   ..........              (no amulet)
HPRegen 0.13/turn               (no ring)
MPRegen 0.10/turn               (no ring)

@: no status effects
A: high MP 1, forlorn, divine attributes
a: no special abilities


You were on level 3 of the Dungeon.
You visited 1 branch of the dungeon, and saw 3 of its levels.
You also visited: Sewer.

You collected 135 gold pieces.

Inventory:

Hand Weapons
 a - a +0 whip
 b - a +0 sling
 y - a +0 flail (weapon)
Missiles
 w - 6 poisoned darts (quivered)
Armour
 g - a +0 leather armour
 j - a +0 pair of gloves (worn)
 o - a +0 scale mail
 p - a +0 chain mail (worn)
 x - a +0 ring mail
Jewellery
 q - a ring of ice
Wands
 c - a wand of flame (12)
 d - a wand of charming (12)
 e - a wand of iceblast (4)
Scrolls
 f - a scroll of fog {unknown}
 h - a scroll of torment {unknown}
 i - a scroll of noise {unknown}
 l - a scroll of amnesia {unknown}
 s - a scroll of brand weapon {unknown}
 t - 2 scrolls of summoning {unknown}
 u - a scroll of enchant weapon {unknown}
Potions
 k - 4 potions of heal wounds {unknown}
 m - a potion of flight {unknown}
 n - a potion of might {unknown}
 r - 2 potions of mutation {unknown}
 v - a potion of invisibility {unknown}
 z - a potion of resistance {unknown}


   Skills:
 - Level 0.8 Fighting
 + Level 5.0 Maces & Flails
 - Level 1.7 Armour
 - Level 0.8 Dodging
 - Level 0.9 Stealth
 - Level 2.7 Evocations


You had 4 spell levels left.
You didn't know any spells.
Your spell library was empty.

Dungeon Overview and Level Annotations

Branches:
Dungeon (3/15)              Sewer (visited)

Shops:
D:2 =

Annotations:
D:2 1 runed translucent door, Crazy Yiuf


Innate Abilities, Weirdness & Mutations

You have an increased reservoir of magic. (+10% MP)
You shall have no god before yourself.
Your divine heritage dramatically boosts your attributes as you level up.


Message History

The puff of flame hits you but does no damage.
You miss something.
You feel less confused. Something hits you.
You closely miss something. Something hits you but does no damage.
Something hits you.
You closely miss something. Something hits you but does no damage.
You miss something. Something hits you.
You hit something but do no damage.
You hear some strange, mumbled words.
You are confused.
You're too confused to move!
You hear some strange, mumbled words.
A puff of flame appears from out of thin air!
The puff of flame hits you.
You bump into the rock wall.
Something hits you.
You completely miss something. Something hits you.
You bump into the rock wall.
Something hits you but does no damage.
You closely miss something.
You hear some strange, mumbled words.
Something tries to affect you, but you resist.
You bump into the rock wall.
You feel less confused. Something hits you but does no damage.
You miss something. Something hits you.
You barely miss something. Something hits you.
Something hits you but does no damage.
You barely miss something. Something hits you.
* * * LOW HITPOINT WARNING * * *
You closely miss something. Something hits you but does no damage.
You miss something. Something hits you.
* * * LOW HITPOINT WARNING * * *
You barely miss something.
You hear some strange, mumbled words.
A magic dart appears from out of thin air!
The magic dart hits you.
* * * LOW HITPOINT WARNING * * *
A magic dart appears from out of thin air!
The magic dart hits you.
You die...

.~~~~~..##.#
########.
.≈≈≈≈≈..##.# .). #..
~≈♣♣♣≈~....###.#.#.
#.# ~≈
♣≈~............ #.#
~≈♣♣♣≈...#####.#.#.
#.# .≈≈≈≈≈~..# ...
#.# |.~.~....~<.#
#### # #.#
≈≈≈~≈≈≈≈≈...# ... . .
♣≈~≈♣♣♣≈..@##.##....
♣≈.≈ ♣≈~...{.......
♣♣≈.≈♣♣♣≈.#.###.#...#
≈≈≈~≈≈≈≈≈~#.# .. .
~~.~...~~~#.# .#
#.....###.# ..
#####.# #.. #. #.#
### #.#


There were no monsters in sight!

Vanquished Creatures
  Pargi (Sewer)
  An orc wizard (D:3)
  3 adders
  A river rat (D:3)
  A worm (D:2)
  4 dart slugs
  3 orcs
  4 bats
  6 endoplasms
  3 giant cockroaches
  5 hobgoblins
  8 jackals
  2 quokkas
  10 ball pythons
  4 frilled lizards
  3 kobolds
  3 rats (D:2)
62 creatures vanquished.

Vanquished Creatures (collateral kills)
  An adder (Sewer)
  2 frilled lizards (Sewer)
3 creatures vanquished.

Vanquished Creatures (others)
  3 fungi (D:2)
  2 plants (D:2)
5 creatures vanquished.

Grand Total: 70 creatures vanquished

Notes
Turn   | Place    | Note
-------+----------+-------------------------------------------
     0 | D:1      | Haldmier the Demigod Artificer began the quest for the Orb.
     0 | D:1      | Reached XP level 1. HP: 15/15 MP: 3/3
   729 | D:1      | Reached skill level 1 in Maces & Flails
   797 | D:1      | Reached XP level 2. HP: 13/22 MP: 4/4
  1426 | D:1      | Reached skill level 2 in Maces & Flails
  2077 | D:2      | Reached XP level 3. HP: 27/27 MP: 5/5
  2472 | D:2      | Reached skill level 3 in Maces & Flails
  2659 | D:2      | Found Ypottu's Jewellery Boutique.
  3179 | D:2      | Found a runed translucent door.
  3180 | D:2      | Noticed Crazy Yiuf
  3268 | D:3      | Reached XP level 4. HP: 16/34 MP: 6/6
  3490 | D:3      | Found a glowing drain.
  3506 | Sewer    | Entered a sewer
  3607 | Sewer    | Noticed Pargi
  3631 | Sewer    | Reached skill level 4 in Maces & Flails
  3633 | Sewer    | Killed Pargi
  3634 | Sewer    | Reached XP level 5. HP: 33/39 MP: 7/7
  4369 | D:3      | Reached skill level 5 in Maces & Flails
  4499 | D:3      | Killed from afar by an orc wizard

Illustrated notes

Levels and vault maps discovered:
D:1:      ncdulo_lavacross, layout_basic, dreamdust_ecumenical_altar_grove
D:2:      layout_loops_ring, serial_shops, nicolae_shop_stone,
          grunt_ministairs_13, serial_bayou_pond_d, st_stairs_14,
          uniq_crazy_yiuf_cottage
D:3:      layout_loops_ring, mainiacjoe_overflow_small_starburst,
          nicolae_overflow_hidden_temple, serial_glass, glass_columns_c,
          glass_columns_a, cheibrodos_sewer_entry_sluice, kennysheep_boxes

Skill      XL: |  1  2  3  4  5 |
---------------+----------------+-----
Maces & Flails | 1 2 3 4 5 |  5.0
Fighting       | |  0.8
Armour         | |  1.7
Dodging        | |  0.8
Stealth        | |  0.9
Evocations     | |  2.7

Action                   |  1- 3 |  4- 6 || total
-------------------------+-------+-------++-------
Melee: Club              |    78 |       ||    78
       Punch             |     5 |     1 ||     6
       Whip              |   140 |    37 ||   177
       Flail             |       |    29 ||    29
Throw: Stone             |     7 |       ||     7
       Dart              |       |     1 ||     1
Evoke: Wand              |     1 |     6 ||     7
 Stab: Sleeping          |     4 |       ||     4
Armor: Leather armour    |    42 |       ||    42
       Chain mail        |    26 |    44 ||    70
       Scale mail        |     3 |       ||     3
Dodge: Dodged            |   108 |    31 ||   139
